 Dungeon Crawl Stone Soup version 0.28-a0-1233-g92def6ad0a (webtiles) character file.

Game seed: 16243430637746562695

200 Grim the Slasher (level 6, 0/47 HPs)
             Began as a Formicid Fighter on Dec 23, 2021.
             Slain by an orc priest (4 damage)
             ... on level 4 of the Dungeon.
             The game lasted 00:04:05 (3770 turns).

Grim the Slasher (Formicid Fighter)                 Turns: 3770, Time: 00:04:06

Health: 0/47       AC:  6    Str: 21    XL:     6   Next: 7%
Magic:  6/6        EV:  9    Int:  7    God:
Gold:   203        SH:  4    Dex: 12    Spells: 5/5 levels left

rFire   . . .      SeeInvis +   a - +0 long sword
rCold   . . .      Faith    .   c - +0 buckler
rNeg    . . .      Spirit   .   b - +0 scale mail
rPois   +          Reflect  .   (helmet unavailable)
rElec   .          Harm     .   (no cloak)
rCorr   .          Rampage  .   (no gloves)
Will    .....                   (no boots)
Stlth   ..........              (no amulet)
HPRegen 0.15/turn               m - ring of poison resistance
MPRegen 0.10/turn               (no ring)

@: no status effects
A: permanent stasis, dig shafts and tunnels, antennae 3, four strong arms
a: Dig, Shaft Self


You were on level 4 of the Dungeon.
You visited 1 branch of the dungeon, and saw 4 of its levels.

You collected 203 gold pieces.

Inventory:

Hand Weapons
 a - a +0 long sword (weapon)
Missiles
 f - 4 boomerangs
 h - 19 poisoned darts
 j - 4 datura-tipped darts
Armour
 b - a +0 scale mail (worn)
 c - a +0 buckler (worn)
Jewellery
 m - a ring of poison resistance (left hand)
 r - a ring of flight
Wands
 l - a wand of polymorph (11)
Scrolls
 d - 4 scrolls of identify {unknown}
 g - a scroll of holy word {unknown}
 n - a scroll of vulnerability {unknown}
 q - a scroll of enchant weapon {unknown}
 s - a scroll of fear {unknown}
 t - a scroll of fog {unknown}
 u - a scroll of amnesia {unknown}
Potions
 e - a potion of curing
 i - a potion of cancellation {unknown}
 k - a potion of attraction {unknown}
 o - 2 potions of degeneration {unknown}
 p - a potion of invisibility {unknown}


   Skills:
 - Level 3.2 Fighting
 + Level 5.8 Long Blades
 - Level 3.2 Armour
 - Level 3.6 Shields


You had 5 spell levels left.
You didn't know any spells.
Your spell library was empty.

Dungeon Overview and Level Annotations

Branches:
Dungeon (4/15)
 Temple: D:4-7

Altars:
Uskayaw


Innate Abilities, Weirdness & Mutations

You cannot be hasted, slowed, berserked, paralysed or teleported.
You can dig through walls and to a lower floor.
You have a pair of large antennae on your head. (SInv)
Your four strong arms can wield two-handed weapons with a shield.


Message History

* * * LOW HITPOINT WARNING * * *
You hit the orc priest.
The orc priest is heavily wounded.
The orc priest miscasts a cantrip.
You closely miss the orc priest.
The orc priest is heavily wounded.
The orc priest hits you with a +0 short sword.
* * * LOW HITPOINT WARNING * * *
The orc wizard hits you with a +0 dagger.
* * * LOW HITPOINT WARNING * * *
The orc priest hits you with a +0 short sword.
* * * LOW HITPOINT WARNING * * *
You closely miss the orc priest.
The orc priest is heavily wounded.
The orc priest hits you but does no damage.
The orc wizard hits you but does no damage.
The orc priest hits you with a +0 short sword.
* * * LOW HITPOINT WARNING * * *
The orc priest hits you with a +0 flail.
* * * LOW HITPOINT WARNING * * *
You barely miss the orc priest.
The orc priest is heavily wounded.
The orc wizard hits you with a +0 dagger.
* * * LOW HITPOINT WARNING * * *
The orc priest hits you with a +0 short sword.
* * * LOW HITPOINT WARNING * * *
The orc priest misses you.
You slash the orc priest!
You kill the orc priest!
The orc wizard hits you but does no damage.
The orc priest barely misses you.
You have reached level 6!
It was a potion of curing.
You feel better. The orc wizard barely misses you.
The orc priest hits you with a +0 flail!
* * * LOW HITPOINT WARNING * * *
You slash the orc priest!
The orc priest is heavily wounded.
You block the orc wizard's attack.
The orc priest hits you with a +0 flail.
You die...

... . ..### .. #...
.' +..### #≈ ###....
.≈ #....###########
#.##'#o#..........#.#
#....)@o............
###.#$..)....#....#
#.######.#....# #.
#.#<...# #. #.##...#
#. #.#....# #.
#.###.## #. #.....#
#######


You could see an orc priest and an orc wizard.

Vanquished Creatures
  A hound (D:3)
  An orc priest (D:4)
  Terence (D:2)
  An iguana (D:2)
  2 adders
  2 worms
  2 dart slugs (D:1)
  2 orcs
  5 ball pythons
  7 bats
  6 endoplasms
  2 giant cockroaches
  5 hobgoblins
  10 jackals
  7 kobolds (D:1)
  A quokka (D:1)
  2 frilled lizards
  A goblin (D:1)
  2 rats (D:3)
60 creatures vanquished.

Vanquished Creatures (others)
  8 plants (D:2)
8 creatures vanquished.

Grand Total: 68 creatures vanquished

Notes
Turn   | Place    | Note
-------+----------+-------------------------------------------
     0 | D:1      | Grim the Formicid Fighter began the quest for the Orb.
     0 | D:1      | Reached XP level 1. HP: 18/18 MP: 1/1
    93 | D:1      | Reached XP level 2. HP: 21/24 MP: 2/2
   292 | D:1      | Reached skill level 3 in Long Blades
   768 | D:1      | Reached XP level 3. HP: 26/29 MP: 3/3
  1522 | D:2      | Noticed Terence
  1532 | D:2      | Killed Terence
  1533 | D:2      | Reached skill level 4 in Long Blades
  1533 | D:2      | Reached XP level 4. HP: 7/35 MP: 4/4
  1979 | D:2      | Found a faded altar of an unknown god.
  2293 | D:2      | Reached XP level 5. HP: 40/41 MP: 5/5
  2581 | D:2      | Reached skill level 5 in Long Blades
  3315 | D:3      | Found a hide-covered altar of Uskayaw.
  3769 | D:4      | Reached XP level 6. HP: 5/47 MP: 6/6
  3770 | D:4      | Slain by an orc priest

Illustrated notes

Levels and vault maps discovered:
D:1:      sevenhm_arrival_forest_fort_large_4, layout_loops_cross, minivault_27,
          due_unseen_surprise
D:2:      layout_basic, shapermc_ecumenical_altar_flowoftime, hex_large,
          serial_bayou_lagoon_b, uniq_terence
D:3:      layout_basic, mainiacjoe_overflow_surrounded_room,
          serial_co_window_serial, co_window_of_opportunity_a,
          co_window_corner_a, co_window_paths_a, co_window_cross_1,
          co_window_corner_a, co_window_of_opportunity_a, co_window_corner_a,
          co_window_broadway_a, co_window_corner_b, co_window_corner_cb,
          co_window_of_opportunity_b, co_window_cross_4, co_window_4corner_b,
          co_window_paths_e, glass_columns_b
D:4:      layout_basic, serial_shops, nicolae_shop_hallway_plus

Skill      XL: |  1  2  3  4  5 |
---------------+----------------+-----
Long Blades    | 3 4 5 |  5.8
Fighting       | |  3.2
Armour         | |  3.2
Shields        | |  3.6

Action                   |  1- 3 |  4- 6 || total
-------------------------+-------+-------++-------
Melee: Long sword        |    90 |    95 ||   185
  Use: Potion            |     1 |     1 ||     2
Armor: Scale mail        |    59 |    30 ||    89
Dodge: Dodged            |    43 |    54 ||    97
Block: Buckler           |    16 |    21 ||    37

Table legend: (Time is in decaauts)
 A = Elapsed time spent in this place.
 B = Non-inter-level travel time spent in this place.
 C = Inter-level travel time spent in this place.
 D = Time resting spent in this place.
 E = Time spent auto-exploring this place.
 F = Levels seen in this place.
 G = Mean time per level.
                   A        B        C        D        E       F      G
               +--------+--------+--------+--------+--------+-----+--------+
         Total |   3811 |   3671 |    140 |    709 |   2447 |   4 |  952.8 |
       Dungeon |   3811 |   3671 |    140 |    709 |   2447 |   4 |  952.8 |
               +--------+--------+--------+--------+--------+-----+--------+

Top non-repeatable levels by time:
     D:1: 1439 daAuts
     D:2: 1288 daAuts
     D:3: 1041 daAuts
     D:4: 42 daAuts
